 Dungeon Crawl Stone Soup version 0.21-a0-529-g8c7b3f5 (webtiles) character file.

75 slep the Chopper (level 4, -8/34 HPs)
             Began as a Vine Stalker Gladiator on Dec 10, 2017.
             Killed by divine providence
             ... invoked by a smoke demon
              (11 damage)
             ... on level 2 of the Abyss.
             The game lasted 00:07:58 (1835 turns).

slep the Chopper (Vine Stalker Gladiator)           Turns: 1835, Time: 00:07:59

Health: -8/34      AC: 22    Str: 18    XL:     4   Next: 31%
Magic:  0/5        EV:  2    Int:  8    God:
Gold:   138        SH:  0    Dex: 15    Spells: 2/3 levels left

rFire    . . .     SeeInvis .   A - +0 hand axe (elec)
rCold    . . .     Gourm    .   (no shield)
rNeg     + + +     Faith    .   (armour currently unavailable)
rPois    +         Spirit   +   (helmet currently unavailable)
rElec    .         Reflect  .   (cloak currently unavailable)
rCorr    .         Harm     .   (gloves currently unavailable)
MR       .....     NoTele   +   (boots currently unavailable)
Stlth    +++.......             u - amulet of rage
HPRegen  0.51/turn              j - ring of stealth
MPRegen  0.09/turn              n - ring of positive energy

@: tree-form
A: regeneration 1, magic shield, no potion heal 3, rot immunity
a: Evoke Berserk Rage


You were on level 2 of the Abyss.
You were not hungry.
You were a tree.
You visited 1 branch of the dungeon, and saw 3 of its levels.
You visited the Abyss 1 time.

You collected 138 gold pieces.

Inventory:

Hand Weapons
 a - a +0 war axe
 A - a +0 hand axe of electrocution (weapon)
 E - a +2 hand axe of distortion
Missiles
 d - 3 throwing nets (quivered)
 x - 5 curare-tipped needles
Armour
 b - a +0 leather armour (melded)
 c - a +0 helmet (melded)
 p - a +0 pair of boots (melded)
 r - a +0 cloak (melded)
Jewellery
 j - a ring of stealth (left branch)
 n - a ring of positive energy (right branch)
 u - an amulet of rage (around neck)
Scrolls
 e - 2 scrolls of remove curse {unknown}
 k - 7 scrolls of identify {unknown}
 q - 3 scrolls of magic mapping {unknown}
 y - a scroll of teleportation {unknown}
 C - a scroll of enchant weapon {unknown}
 F - a scroll of holy word {unknown}
Potions
 h - a potion of resistance {unknown}
 i - a potion of ambrosia {unknown}
 l - a potion of might {unknown}
 m - a potion of curing {unknown}
 s - 2 potions of heal wounds {unknown}
 t - a potion of agility {unknown}
Books
 v - a book of Misfortune

   Spells                             Type                      Level
   a - Confusing Touch                Hexes                        1
   b - Confuse                        Hexes                        3
   c - Gell's Gravitas                Translocation                3
   d - Petrify                        Transmutation/Earth          4
   e - Metabolic Englaciation         Hexes/Ice                    5
   f - Yara's Violent Unravelling     Hexes/Transmutation          5
 w - a book of Cantrips

   Spells                             Type                      Level
   a - Confusing Touch                Hexes                        1
   b - Animate Skeleton               Necromancy                   1
   c - Summon Small Mammal            Summoning                    1
   d - Apportation                    Translocation                1
Comestibles
 f - 3 bread rations
 o - 3 meat rations
 z - a royal jelly
 B - a chunk of flesh
 D - a fruit


   Skills:
 + Level 2.0 Fighting
 + Level 3.6 Axes
 + Level 2.0 Throwing
 + Level 0.4 Armour
 + Level 2.9 Dodging
 + Level 1.6 Stealth


You had 2 spell levels left.
You knew the following spells:

 Your Spells              Type           Power        Failure   Level  Hunger
a - Apportation           Tloc           #.....       41%         1    ##.....


Dungeon Overview and Level Annotations

Branches:
Dungeon (3/15)

Altars:
Gozag
Trog
Zin


Innate Abilities, Weirdness & Mutations

((You have extremely sharp teeth.))
Your natural rate of healing is unusually fast.
When hurt, damage is shared between your health and your magic reserves.
((Your bite disrupts and absorbs the magic of your enemies.))
Potions cannot restore your health.
You are immune to rotting.


Message History

Your leather armour prevents you from hitting the thrashing horror.
The thrashing horror tramples you!
You hold your ground!
The thrashing horror tramples you but does no damage. x2
The thrashing horror tramples you.
You hold your ground!
The smoke demon roars!
You hit the thrashing horror but do no damage.
Your bite misses the thrashing horror.
The thrashing horror tramples you but does no damage.
The thrashing horror tramples you.
You stumble backwards!
It was a potion of lignification.
You turn into a tree.
Your +0 cloak melds into your body.
Your +0 helmet melds into your body.
Your +0 pair of boots melds into your body.
Your +0 leather armour melds into your body.
Your roots penetrate the ground.
The thrashing horror tramples you!
* * * LOW HITPOINT WARNING * * *
The thrashing horror tramples you.
* * * LOW HITPOINT WARNING * * *
The smoke demon gestures at you. Something smites you!
You die...

# ## #####.# # #
##.#.#.#.. ###..
.....##.. #.....
#......#
##...##♣.....#
..#..X.#...#.#
#.#.......#.### .
#.##......##. ##
..#
#...§§....#......#
#.#..3...........#
# # ##...#.##.. .
... #..#......
#.#... #..........
.


You could see a thrashing horror and a smoke demon.

Vanquished Creatures
  An ooze (D:1)
  2 worms
  A dart slug (D:1)
  2 leopard geckos (D:2)
  4 orcs (D:3)
  8 bats
  6 giant cockroaches
  6 goblins
  2 hobgoblins
  7 jackals (D:1)
  7 frilled lizards
  5 kobolds
  2 rats
53 creatures vanquished.

Notes
Turn   | Place    | Note
-------+----------+-------------------------------------------
     0 | D:1      | slep the Vine Stalker Gladiator began the quest for the Orb.
     0 | D:1      | Reached XP level 1. HP: 11/11 MP: 2/2
    63 | D:1      | Reached XP level 2. HP: 12/15 MP: 3/3
    85 | D:1      | Reached skill level 3 in Axes
   300 | D:1      | Reached XP level 3. HP: 16/18 MP: 4/4
   933 | D:2      | Reached skill level 1 in Stealth
  1351 | D:2      | Learned a level 1 spell: Apportation
  1448 | D:3      | Found an opulent altar of Gozag.
  1462 | D:3      | Gained mutation: Your natural rate of healing is unusually fast. [Vine Stalker growth]
  1462 | D:3      | Reached XP level 4. HP: 23/23 MP: 5/5
  1522 | D:3      | Found a faded altar of an unknown god.
  1660 | D:3      | Found a bloodstained altar of Trog.
  1661 | D:3      | Found a glowing silver altar of Zin.
  1789 | D:3      | Cast into level 1 of the Abyss (a distortion unwield)
  1799 | Abyss:1  | Noticed a starcursed mass
  1824 | Abyss:2  | Noticed a thrashing horror
  1834 | Abyss:2  | Noticed a smoke demon
  1835 | Abyss:2  | Killed from afar by a smoke demon

Vault maps used:
D:1:      mrwooster_arrival_statue_2, hangedman_decor_growths
D:2:      serial_forest, infiniplex_forest_clump_C,
          infiniplex_forest_clump_cross, infiniplex_forest_clump_medium,
          infiniplex_forest_lined_1, infiniplex_forest_lined_corner,
          infiniplex_forest_diagonal
D:3:      old_standard_altar, grunt_gozag_statues, okawaru_trees_1,
          gammafunk_temple_overflow_pools, chequers_ecumenical_altar_simple

Skill      XL: |  1  2  3 |
---------------+----------+-----
Throwing       | 2 |  2.0
Axes           | 3 |  3.6
Fighting       | 2 |  2.0
Stealth        | 1 |  1.6
Armour         | |  0.4
Dodging        | |  2.9

Action                   |  1- 3 |  4- 6 || total
-------------------------+-------+-------++-------
Melee: War axe           |    91 |     3 ||    94
       Bite              |    20 |     4 ||    24
       Hand axe          |       |    22 ||    22
  Use: Potion            |       |     1 ||     1
 Stab: Sleeping          |     8 |       ||     8
  Eat: Chunk             |     1 |     2 ||     3
Armor: Leather armour    |    26 |    15 ||    41
Dodge: Dodged            |    81 |    22 ||   103

Table legend:
 A = Spawn XP
 B = Non-spawn XP
 C = Spawn XP percentage of total XP
 D = Spawn monster count
 E = Non-spawn monster count
 F = Spawn count percentage of total count
 G = Total turns spent on level
                    A         B        C        D         E        F      G
               +---------+---------+-------+---------+---------+-------+---------
         Total |       0 |     108 |   0.0 |       0 |      53 |   0.0 |  1835
               +---------+---------+-------+---------+---------+-------+---------
           D:1 |       0 |      53 |   0.0 |       0 |      27 |   0.0 |   613
           D:2 |       0 |      26 |   0.0 |       0 |      13 |   0.0 |   802
           D:3 |       0 |      29 |   0.0 |       0 |      13 |   0.0 |   374
               +---------+---------+-------+---------+---------+-------+---------
